Map: King's Cove LE

Players

SouLeer - Winner!

  • Race: Zerg Zerg
  • Spawn Location: 5:00

JEROS

  • Race: Terran Terran
  • Spawn Location: 11:00

Event: 2019 WCS Summer

VOD

Have the link to the VOD?

Description

Time

  • Played on: July 12, 2019, 9:09 a.m.
  • Length: 11:39

All games in this series

Show
View Real Time Build Order
Export as new Build Order

SouLeer Zerg - Winner!

Build Orders: Pool First 

Get SALT Encoding   

  12  0:01  Drone  
  13  0:12  Overlord  
  13  0:18  Drone  
  14  0:25  Drone, Extractor  
  14  0:31  Drone  
  15  0:45  Spawning Pool  
  15  0:48  Drone  
  15  0:51  Drone  
  16  1:20  Hatchery  
  15  1:31  Zergling x2  
  15  1:32  Zergling x2  
  17  1:33  Zergling x2  
  17  1:39  Metabolic Boost  
  18  1:50  Queen  
  20  1:59  Overlord  
  20  2:10  Drone x2  
  22  2:18  Zergling x2  
  23  2:26  Queen  
  25  2:32  Zergling x4  
  27  2:38  Zergling x2  
  27  2:45  Zergling x2  
  27  2:48  Zergling x2  
  27  2:51  Queen  
  31  2:56  Drone  
  32  2:59  Overlord  
  32  3:06  Drone  
  32  3:12  Drone  
  33  3:15  Drone x3  
  33  3:19  Drone  
  36  3:22  Drone  
  37  3:30  Drone  
  38  3:39  Hatchery  
  37  3:41  Drone  
  37  3:44  Drone  
  39  3:50  Drone x3  
  39  3:53  Drone  
  43  3:57  Overlord  
  43  4:02  Zergling x2  
  44  4:10  Roach Warren  
  44  4:11  Zergling x2  
  44  4:17  Zergling x4  
  44  4:18  Zergling x4  
  44  4:20  Zergling x2  
  49  4:26  Overlord  
  49  4:30  Overlord  
  49  4:34  Lair  
  49  4:48  Drone  
  49  4:49  Drone x5  
  55  4:53  Extractor  
  55  4:57  Drone x3  
  53  5:07  Drone  
  53  5:08  Drone x3  
  53  5:10  Queen  
  53  5:11  Queen  
  55  5:16  Zergling x2  
  55  5:19  Roach x2  
  59  5:22  Spore Crawler  
  59  5:26  Spore Crawler  
  57  5:30  Spore Crawler  
  57  5:32  Roach x2  
  60  5:36  Queen  
  60  5:38  Spore Crawler  
  60  5:41  Overlord  
  61  5:43  Drone  
  61  5:45  Overlord  
  61  5:56  Evolution Chamber  
  60  5:59  Queen  
  62  6:05  Roach x4  
  62  6:07  Roach  
  62  6:10  Drone, Extractor  
  72  6:14  Overlord  
  72  6:16  Drone  
  73  6:22  Zerg Missile Weapons Level 1  
  73  6:23  Glial Reconstitution  
  73  6:32  Overlord x2  
  73  6:34  Drone x5  
  73  6:35  Drone  
  73  6:38  Drone  
  73  6:39  Drone  
  81  6:43  Overseer  
  81  6:44  Overlord  
  81  6:51  Drone x2  
  81  6:52  Evolution Chamber  
  82  6:55  Queen  
  82  7:00  Roach x2  
  88  7:04  Drone x2  
  88  7:06  Drone x2  
  92  7:13  Drone x4  
  92  7:15  Drone, Extractor  
  96  7:19  Zerg Ground Armor Level 1  
  96  7:22  Extractor  
  96  7:23  Drone x3  
  98  7:30  Overlord  
  98  7:35  Evolution Chamber  
  98  7:44  Overlord x2  
  100  7:51  Roach x4  
  100  7:53  Nydus Network  
  100  7:54  Overlord x2  
  105  8:01  Overlord  
  105  8:04  Roach x7  
  119  8:08  Roach  
  119  8:11  Roach  
  119  8:16  Roach x3  
  123  8:23  Roach x4  
  131  8:29  Roach x2  
  131  8:30  Roach x2  
  137  8:38  Roach x2  
  137  8:39  Roach x2  
  145  8:42  Overlord x2  
  145  8:50  Nydus Canal, Overlord  
  145  8:53  Overlord  
  145  8:59  Overlord  
  145  9:04  Overlord  
  145  9:05  Drone x6  
  145  9:06  Drone  
  145  9:07  Zerg Missile Weapons Level 2  
  145  9:09  Extractor, Ravager x3  
  154  9:11  Ravager x2  
  154  9:15  Drone x3  
  159  9:23  Roach x3  
  165  9:32  Nydus Canal  
  165  9:37  Hatchery  
  154  9:46  Roach x9  
  170  9:57  Roach x5  
  180  10:07  Roach x3  
  180  10:10  Overlord  
  186  10:14  Overlord  
  186  10:15  Overlord  
  170  10:30  Drone x4  
  170  10:31  Infestation Pit, Drone x4  
  170  10:35  Ravager x3  
  180  10:36  Ravager  
  181  10:45  Roach  
  181  10:46  Roach x5  
  181  10:49  Roach x3  
  174  11:09  Roach x6  
  174  11:10  Roach x6  
  167  11:12  Roach x2  
  167  11:15  Roach  
  167  11:17  Roach  
  167  11:20  Roach  
  165  11:27  Nydus Canal  
  173  11:33  Ravager  
Show
View Real Time Build Order
Export as new Build Order

JEROS Terran 

Build Orders: Reaper Expand, Mech 

Get SALT Encoding   

  12  0:00  SCV  
  13  0:12  SCV  
  14  0:17  Supply Depot  
  14  0:24  SCV  
  15  0:39  SCV  
  15  0:40  Barracks  
  16  0:45  Refinery  
  16  0:51  SCV  
  17  1:03  SCV  
  18  1:15  SCV  
  19  1:29  Orbital Command, Reaper  
  20  1:43  Command Center  
  20  1:51  Supply Depot  
  20  1:57  SCV  
  20  2:01  Marine  
  21  2:09  SCV  
  22  2:18  Factory  
  22  2:19  Marine  
  22  2:22  SCV  
  24  2:28  Bunker  
  24  2:34  SCV  
  25  2:37  Marine  
  26  2:44  Refinery  
  26  2:46  SCV  
  27  2:56  Orbital Command  
  27  2:57  Barracks Reactor  
  27  2:59  SCV  
  27  3:02  Starport  
  28  3:07  Hellion  
  28  3:11  SCV  
  27  3:20  Engineering Bay  
  27  3:23  SCV  
  27  3:24  SCV  
  29  3:28  Hellion  
  29  3:32  Engineering Bay  
  31  3:39  SCV  
  32  3:43  Orbital Command, Viking  
  31  3:49  Barracks Reactor  
  31  3:51  SCV, Hellion  
  34  4:01  Supply Depot  
  34  4:04  SCV  
  34  4:08  SCV  
  34  4:09  Liberator  
  36  4:12  Hellion  
  38  4:21  SCV x2  
  43  4:33  SCV x2  
  45  4:43  Barracks Tech Lab, Supply Depot, Hellion  
  45  4:45  SCV x2, Hellion  
  51  4:57  SCV x2  
  53  5:05  Hellion  
  53  5:06  Hellion  
  57  5:10  SCV x2  
  54  5:23  SCV x2, Supply Depot  
  56  5:30  Armory  
  56  5:38  Command Center  
  56  5:39  SCV  
  56  5:40  SCV  
  58  5:46  Supply Depot  
  58  5:54  Starport Tech Lab, SCV, Factory  
  58  5:55  Factory  
  59  6:00  SCV  
  57  6:06  Hellion x2  
  57  6:08  SCV  
  57  6:09  Supply Depot  
  62  6:12  SCV  
  62  6:15  Barracks Tech Lab  
  63  6:21  SCV  
  63  6:24  SCV, Supply Depot  
  65  6:26  Starport Reactor  
  65  6:32  Supply Depot  
  65  6:33  SCV  
  65  6:36  SCV  
  65  6:39  Siege Tank  
  68  6:43  Terran Vehicle Weapons Level 1  
  68  6:44  Factory  
  68  6:46  Refinery x2  
  67  6:47  SCV  
  67  6:48  SCV  
  69  6:58  Orbital Command  
  69  6:59  SCV  
  69  7:03  SCV  
  70  7:11  SCV, Hellion x2  
  70  7:12  Siege Tank  
  70  7:13  Supply Depot  
  70  7:14  Orbital Command, Siege Tank  
  82  7:15  Engineering Bay, SCV  
  82  7:21  Refinery  
  82  7:23  Refinery  
  82  7:24  SCV  
  82  7:27  SCV  
  82  7:29  Siege Tank  
  87  7:34  Factory  
  87  7:36  SCV  
  88  7:39  SCV x2  
  90  7:45  Hellion x2  
  90  7:48  SCV  
  90  7:51  SCV  
  96  7:52  Infernal Pre-Igniter  
  96  7:56  Armory  
  96  7:57  Starport Reactor  
  96  7:59  SCV  
  97  8:06  SCV x2  
  97  8:10  Thor  
  101  8:17  Missile Turret x2  
  101  8:20  Missile Turret  
  101  8:23  SCV x3  
  102  8:35  SCV x2  
  102  8:36  Command Center  
  102  8:40  Terran Vehicle Weapons Level 2  
  100  8:47  Thor  
  106  9:02  SCV x2  
  108  9:09  Missile Turret x2  
  108  9:10  Hellion x3  
  108  9:16  Siege Tank  
  125  9:17  Hellion  
  125  9:24  Thor  
  125  9:28  Supply Depot  
  125  9:30  Supply Depot  
  122  9:33  Liberator, Supply Depot  
  122  9:35  Supply Depot  
  120  9:42  Supply Depot  
  120  9:44  Supply Depot  
  121  9:58  SCV  
  110  10:09  Orbital Command  
  107  10:15  SCV  
  107  10:17  Siege Tank, Hellion x3  
  109  10:27  SCV  
  107  10:32  Orbital Command  
  107  10:35  Orbital Command  
  107  10:40  SCV  
  108  10:51  Orbital Command  
  108  10:59  SCV  
  92  11:06  Hellion x3  
  89  11:11  SCV  
  89  11:12  SCV x2  
  89  11:18  Hellion  
  80  11:24  SCV  
Tags
 
Add a new tag
Caveats
  • Supply blocks, unpowered buildings, or Contaminate may cause inaccurate times.
  • Supply counts are checked every 10 seconds.